 Dungeon Crawl Stone Soup version 0.31-a0-1300-gb6740aa4e6 (webtiles) character file.

Game seed: 3178931741215865525

7 grandjackal the Covered (level 1, -3/17 HPs)
             Began as an Armataur Fighter on Dec 18, 2023.
             Slain by a gnoll
             ... wielding a +0 club
              (4 damage)
             ... on level 1 of the Dungeon.
             The game lasted 00:00:10 (54 turns).

grandjackal the Covered (Armataur Fighter)            Turns: 54, Time: 00:00:11

Health: -3/17      AC:  7    Str: 21    XL:     1   Next: 91%
Magic:  1/1        EV:  7    Int:  8    God:
Gold:   0          SH:  4    Dex:  9    Spells: 0/0 levels left

rFire   . . .        a - +0 flail
rCold   . . .        c - +0 buckler
rNeg    . . .        b - +0 scale mail
rPois   .            (no helmet)
rElec   .            (no cloak)
rCorr   .            (no gloves)
SInv    .            (no barding)
Will    .....        (no amulet) Stlth
                     (no ring)
HPRegen 0.22/turn    (no ring)
MPRegen 0.73/turn

%: roll
@: no status effects
A: large, deformed body, tough skin 3, armoured tail, roll 1, long tongue
a: no special abilities


You were on level 1 of the Dungeon.
You visited 1 branch of the dungeon, and saw 1 of its levels.

Inventory:

Hand Weapons
 a - a +0 flail (weapon)
Armour
 b - a +0 scale mail (worn)
 c - a +0 buckler (worn)
Potions
 d - a potion of might


   Skills:
 + Level 2.8 Fighting
 + Level 2.0 Maces & Flails
 + Level 3.8 Armour
 + Level 3.4 Shields


You couldn't memorise any spells.
You didn't know any spells.
Your spell library was empty.

Dungeon Overview and Level Annotations

Branches:
Dungeon (1/15)

Altars:


Innate Abilities, Weirdness & Mutations

Armour fits poorly on your strangely shaped body.
You have extremely tough skin. (AC +3)
You have a long armoured tail.
You regenerate magic when rolling toward enemies. (Rampage MPRegen)
Your long tongue fully drains potion bottles. (2x potion effects)


Message History

You hit the ball python.
The ball python is heavily wounded.
The ball python bites you but does no damage.
The ball python bites you.
You closely miss the ball python.
The ball python is heavily wounded.
The ball python barely misses you.
You closely miss the ball python.
The ball python is heavily wounded.
The ball python bites you. x2
* * * LOW HITPOINT WARNING * * *
You barely miss the ball python.
The ball python is heavily wounded.
The ball python bites you but does no damage.
The hobgoblin attacks as it pursues you!
The hobgoblin closely misses you. The frilled lizard barely misses you.
You block the ball python's attack.
The ball python attacks as it pursues you!
The ball python bites you but does no damage.
You closely miss the ball python. You tail-slap the ball python.
You kill the ball python!
The gnoll hits you with a +0 club.
* * * LOW HITPOINT WARNING * * *
Your Maces & Flails skill increases to level 2!
You barely miss the gnoll.
The gnoll is heavily wounded.
The gnoll hits you but does no damage.
You closely miss the gnoll.
The gnoll is heavily wounded.
The gnoll hits you but does no damage.
You hit the gnoll.
Your tail-slap misses the gnoll.
The gnoll is severely wounded.
The gnoll hits you with a +0 club.
* * * LOW HITPOINT WARNING * * *
The gnoll hits you with a +0 club.
* * * LOW HITPOINT WARNING * * *
You barely miss the gnoll.
The gnoll is severely wounded.
The gnoll hits you with a +0 club.
You die...

. ## .. ####. #.. #+###....
.... +.†...... .#...##
###'###.... #......####
####.....####.
.........S#####...........##
..#....#lgg@....##..#.......
#..#...##....##..#.....##.
###....###..###.###..###
#.#### #.## ## .## #.. #..
.# #.# #>.# .# .. ..## ..#


You could see a gnoll, a hobgoblin, a ball python and a frilled lizard.

Vanquished Creatures
  A ball python (D:1)
  4 jackals (D:1)
  A rat (D:1)
6 creatures vanquished.

Notes
Turn   | Place    | Note
-------+----------+-------------------------------------------
     0 | D:1      | grandjackal the Armataur Fighter began the quest for the
                  | Orb.
     0 | D:1      | Reached XP level 1. HP: 17/17 MP: 1/1
    54 | D:1      | Slain by a gnoll

Illustrated notes

Levels and vault maps discovered:
D:1:      elethiomel_arrival_infinity_welcomes_careful_drivers, layout_rooms,
          minmay_box_of_dots

Skill      XL: |  1 |
---------------+----+-----
Maces & Flails | 2 |  2.0
Fighting       | |  2.8
Armour         | |  3.8
Shields        | |  3.4

Action                     || total
---------------------------++-------
  Melee: Flail             ||    19
         Tailslap          ||     3
 Armour: Scale mail        ||    21
  Dodge: Dodged            ||     7
  Block: Buckler           ||     4

Table legend: (Time is in decaauts)
 A = Elapsed time spent in this place.
 B = Non-inter-level travel time spent in this place.
 C = Inter-level travel time spent in this place.
 D = Time resting spent in this place.
 E = Time spent auto-exploring this place.
 F = Levels seen in this place.
 G = Mean time per level.
                   A        B        C        D        E       F      G
               +--------+--------+--------+--------+--------+-----+--------+
         Total |     60 |     60 |      0 |      0 |     25 |   1 |   60.0 |
       Dungeon |     60 |     60 |      0 |      0 |     25 |   1 |   60.0 |
               +--------+--------+--------+--------+--------+-----+--------+

Top non-repeatable levels by time:
     D:1: 60 daAuts
